 Dungeon Sprint DCSS version 0.29.1-14-g9c671dbff4 (webtiles) character file.

Game seed: 9909517462317133522

6663 Groucho the Acrobat (level 10, 0/57 HPs)
             Began as a Felid Fighter on Feb 18, 2023.
             Was the Champion of Wu Jian.
             Slain by an ice dragon (2 damage)
             ... in the Dungeon (Sprint IX: "|||||||||||||||||||||||||||||").
             The game lasted 00:12:43 (4995 turns).

Groucho the Acrobat (Felid Fighter)                 Turns: 4995, Time: 00:12:43

Health: 0/57       AC:  6    Str: 14    XL:     10   Next: 73%
Magic:  22/22      EV: 43    Int:  9    God:    Wu Jian [******]
Gold:   448        SH:  0    Dex: 19    Spells: 24/24 levels left
                                        Lives:  0   Deaths: 3

rFire   . . .      SeeInvis +     - Unarmed
rCold   . . .      Faith    .   (shield unavailable)
rNeg    . . .      Spirit   .   (body armour unavailable)
rPois   .          Reflect  .   (helmet unavailable)
rElec   .          Harm     .   (cloak unavailable)
rCorr   .          Rampage  .   (gloves unavailable)
Will    +....      NoTele   +   (boots unavailable)
Stlth   ++++++++..              j - amulet of the acrobat
HPRegen 0.19/turn               d - +4 ring of evasion
MPRegen 0.18/turn               k - +2 ring of protection

@: studying Stealth, quick
A: very small, claws 1, fangs 3, see invisible, speed 1, shaggy fur 2, stealthy
paws, no weapons or thrown items, no armour, multi-lived, iridescent scales 1,
mutation resistance 1, sense surroundings 1
a: Renounce Religion, Wall Jump, Serpent's Lash, Heavenly Storm


You were in the Dungeon.
You worshipped Wu Jian.
Wu Jian was exalted by your worship.
You visited 1 branch You collected 1932 gold pieces.
You spent 1484 gold pieces at shops.

Inventory:

Jewellery
 a - a ring of ice
 b - a +6 ring of strength
 c - a ring of poison resistance
 d - a +4 ring of evasion (left paw)
 j - an amulet of the acrobat (around neck)
 k - a +2 ring of protection (right paw)
 n - a ring of positive energy
 o - a ring of fire
 p - a ring of protection from cold
 q - a ring of protection from cold
Wands
 i - a wand of acid (10)
Scrolls
 f - 5 scrolls of butterflies
 g - 2 scrolls of blinking
 h - 2 scrolls of amnesia
 l - a scroll of fear
 m - 3 scrolls of identify
Potions
 e - 4 potions of magic
 s - a potion of brilliance


   Skills:
 + Level 14.9 Fighting
 * Level 25.4 Dodging
 * Level 19.6 Stealth
 + Level 15.1 Unarmed Combat
 * Level 7.6 Spellcasting
 * Level 8.4 Transmutations


You had 24 spell levels left.
You didn't know any spells.
Your spell library contained the following spells:

 Spells                   Type           Power      Damage    Failure   Level
 Blade Hands              Tmut           9%         N/A       16%         5
 Irradiate                Conj/Tmut      5%         3d13      67%         5
 Dragon Form              Tmut           9%         N/A       99%         7


Dungeon Overview and Level Annotations

Branches:
Dungeon (1/1)

Altars:
Cheibriados
Dithmenos
Elyvilon
Fedhas
Gozag
Hepliaklqana
Kikubaaqudgha
Makhleb
Nemelex Xobeh
Okawaru
Qazlal
Ru
Sif Muna
Trog
Uskayaw
Vehumet
Wu Jian
Xom
Yredelemnul
Zin
The Shining One
Jiyva
Lugonu

Shops:
D [=?=


Innate Abilities, Weirdness & Mutations

You have sharp claws.
You have razor-sharp teeth.
You have supernaturally acute eyesight. (SInv)
You cover ground quickly. (Speed+)
You are covered in thick fur. (AC +2)
Your paws help you pounce on unaware monsters.
You are incapable of wielding weapons or throwing items.
You cannot wear armour.
You gain extra lives every three experience levels.
You are partially covered in iridescent scales. (AC +2)
You are somewhat resistant to further mutation.
You passively map a small area around you.


Message History

The ice dragon misses you. The ice dragon tramples you!
* * * LOW HITPOINT WARNING * * *
You stumble backwards!
Unknown command.
You claw the ice dragon!
You bite the ice dragon, but do no damage.
The ice dragon is heavily wounded.
Unknown command.
Unknown command.
Unknown command.
Unknown command.
Unknown command.
You barely miss the ice dragon.
The ice dragon is heavily wounded.
The ice dragon completely misses you. x2; The ice dragon misses you.
Unknown command.
Unknown command.
Unknown command.
You scratch the ice dragon but do no damage.
The ice dragon is heavily wounded.
The ice dragon completely misses you. The ice dragon barely misses you.
The ice dragon misses you.
Unknown command.
Unknown command.
Unknown command.
You claw the ice dragon!
The ice dragon is heavily wounded.
The ice dragon breathes frost at you. The blast of cold misses you.
Unknown command.
Unknown command.
Unknown command.
You claw the ice dragon!
The ice dragon is severely wounded.
Unknown command.
Unknown command.
You barely miss the ice dragon. Your bite misses the ice dragon.
The ice dragon is severely wounded.
The ice dragon bites you.
You die...

* ▓[▓.▓)▓.▓÷▓.▓_▓
, *
▓[▓.▓)▓.▓.▓.▓_▓ *
▓[▓.▓)▓.▓.▓.▓_▓ *,
▓[▓.▓)▓.▓'▓.▓_▓
▓.▓.▓)▓.▓.▓.▓_▓ ,
,▓.▓.▓)▓.▓.▓.▓_▓ *
* ▓.▓.▓)▓.▓.▓.▓_▓
+*,▓.▓.▓)▓.▓.▓.▓_▓
+ *
▓@▓.▓.▓.▓.▓.▓_▓ *
* *
▓D▓.▓.▓.▓.▓.▓_▓
▓.▓.▓.▓.▓.▓.▓_▓
▓.▓.▓.▓.▓.▓.▓_▓ *
▓.▓.▓'▓.▓.▓.▓_▓
▓.▓.▓)▓.▓'▓.▓'▓
*,▓'▓.▓)▓.▓.▓.▓.▓
* ▓)▓.▓)▓.▓.▓.▓.▓
* *
▓)▓.▓)▓.▓.▓.▓)▓


You could see an ice dragon (catching breath).

Vanquished Creatures
  Josephine (D)
  Erolcha (D)
  2 boulder beetles (D)
  3 hydras (D)
  A centaur warrior (D)
  A deep troll shaman (D)
  A tengu warrior (D)
  A two-headed ogre (D)
  A glowing orange brain (D)
  A cyclops (D)
  8 orc knights (D)
  3 ugly things (D)
  A wolf spider (D)
  A manticore (D)
  5 cane toads (D)
  2 kobold demonologists (D)
  A rime drake (D)
  A komodo dragon (D)
  2 trolls (D)
  A slime creature (D)
  A hornet (D)
  A blink frog (D)
  5 wraiths (D)
  2 yaks (D)
  A yak (shapeshifter) (D)
  A basilisk (D)
  2 wargs (D)
  3 water moccasins (D)
  3 hell hounds (D)
  15 orc warriors (D)
  A black bear (D)
  4 wolves (D)
  A bullfrog (D)
  2 scorpions (D)
  3 orc priests (D)
  An iguana (D)
  7 orc wizards (D)
  An adder (D)
  A dart slug (D)
  7 orcs (D)
  A ball python (D)
  A bat (D)
  A frilled lizard (D)
  A rat (D)
104 creatures vanquished.

Notes
Turn   | Place    | Note
-------+----------+-------------------------------------------
     0 | D        | Groucho the Felid Fighter began the quest for the Orb.
     0 | D        | Reached XP level 1. HP: 10/10 MP: 2/2
    10 | D        | Reached skill level 5 in Dodging
    20 | D        | Noticed an iguana
    20 | D        | Noticed a scorpion
    20 | D        | Noticed a black bear
    20 | D        | Noticed an orc wizard
    28 | D        | Killed an iguana
    29 | D        | Reached skill level 6 in Dodging
    29 | D        | Reached XP level 2. HP: 14/15 MP: 3/3
    29 | D        | Reached XP level 3. HP: 17/18 MP: 4/4
    30 | D        | Killed a scorpion
    31 | D        | Reached skill level 8 in Dodging
    31 | D        | Reached skill level 5 in Unarmed Combat
    31 | D        | Reached XP level 4. HP: 21/22 MP: 5/5
    35 | D        | Killed a black bear
    36 | D        | Reached skill level 5 in Fighting
    36 | D        | Reached skill level 10 in Dodging
    36 | D        | Reached XP level 5. HP: 27/27 MP: 6/6
    48 | D        | Found a snail-covered altar of Cheibriados.
    48 | D        | Found a shadowy altar of Dithmenos.
    48 | D        | Found a white marble altar of Elyvilon.
    48 | D        | Found a blossoming altar of Fedhas.
    48 | D        | Found an opulent altar of Gozag.
    49 | D        | Found a hazy altar of Hepliaklqana.
    50 | D        | Found a viscous altar of Jiyva.
    51 | D        | Found an ancient bone altar of Kikubaaqudgha.
    52 | D        | Found a corrupted altar of Lugonu.
    53 | D        | Found a burning altar of Makhleb.
    54 | D        | Found a sparkling altar of Nemelex Xobeh.
    55 | D        | Found an iron altar of Okawaru.
    56 | D        | Found a stormy altar of Qazlal.
    57 | D        | Found a sacrificial altar of Ru.
    58 | D        | Found a shimmering blue altar of Sif Muna.
    59 | D        | Found a bloodstained altar of Trog.
    60 | D        | Found a hide-covered altar of Uskayaw.
    61 | D        | Found a radiant altar of Vehumet.
    62 | D        | Found an ornate altar of the Wu Jian Council.
    63 | D        | Found a shimmering altar of Xom.
    64 | D        | Found a basalt altar of Yredelemnul.
    65 | D        | Found a glowing silver altar of Zin.
    66 | D        | Found a glowing golden altar of the Shining One.
    72 | D        | Became a worshipper of the Wu Jian Council
    95 | D        | Noticed a hornet
    95 | D        | Noticed a yak
    95 | D        | Noticed a kobold demonologist
    95 | D        | Noticed a troll
    95 | D        | Noticed a troll
    96 | D        | Killed a hornet
    97 | D        | Reached skill level 12 in Dodging
    97 | D        | Gained mutation: You are covered in thick fur. (AC +2)
                  | [Felid growth]
    97 | D        | Reached XP level 6. HP: 33/33 MP: 7/7
   100 | D        | Killed a yak
   101 | D        | Reached skill level 13 in Dodging
   101 | D        | Reached XP level 7. HP: 30/36 MP: 8/8
   113 | D        | Killed a kobold demonologist
   113 | D        | Reached * piety under Wu Jian
   114 | D        | Reached skill level 15 in Dodging
   126 | D        | Killed a troll
   127 | D        | Reached XP level 8. HP: 42/42 MP: 9/9
   135 | D        | Killed a troll
   136 | D        | Reached skill level 16 in Dodging
   137 | D        | Reached ** piety under Wu Jian
   667 | D        | Noticed a kobold demonologist
   667 | D        | Noticed a boulder beetle
   667 | D        | Noticed a green ugly thing
   667 | D        | Noticed a two-headed ogre
   667 | D        | Noticed a manticore
   667 | D        | Noticed a purple ugly thing
   681 | D        | Killed a boulder beetle
   682 | D        | Reached skill level 10 in Fighting
   682 | D        | Reached skill level 17 in Dodging
   682 | D        | Reached skill level 10 in Unarmed Combat
   686 | D        | Killed a kobold demonologist
   687 | D        | Reached skill level 18 in Dodging
   687 | D        | Reached XP level 9. HP: 31/47 MP: 10/10
   694 | D        | Killed a green ugly thing
   695 | D        | Reached skill level 19 in Dodging
   701 | D        | Killed a two-headed ogre
   701 | D        | Reached *** piety under Wu Jian
   706 | D        | Killed a manticore
   707 | D        | Reached skill level 20 in Dodging
   710 | D        | Killed a purple ugly thing
  1254 | D        | Gained mutation: You passively map a small area around you.
                  | [potion of mutation]
  1254 | D        | Gained mutation: You are partially covered in iridescent
                  | scales. (AC +2) [potion of mutation]
  1254 | D        | Gained mutation: You are somewhat resistant to further
                  | mutation. [potion of mutation]
  1255 | D        | Noticed a six-headed hydra
  1255 | D        | Noticed a cane toad
  1256 | D        | Noticed a komodo dragon
  1257 | D        | Noticed a rime drake
  1257 | D        | Reached **** piety under Wu Jian
  1258 | D        | Reached XP level 10. HP: 53/53 MP: 11/11
  1265 | D        | Killed a six-headed hydra
  1266 | D        | Reached skill level 21 in Dodging
  1275 | D        | Killed a cane toad
  1283 | D        | Reached ***** piety under Wu Jian
  1989 | D        | Noticed a cane toad
  1989 | D        | Noticed a cane toad
  1989 | D        | Noticed a six-headed hydra
  1990 | D        | Noticed a cane toad
  1991 | D        | Killed a cane toad
  1992 | D        | Reached skill level 22 in Dodging
  1993 | D        | Noticed a cane toad
  2011 | D        | HP: 2/54 [six-headed hydra (8)]
  2018 | D        | Killed a six-headed hydra
  2019 | D        | Reached skill level 10 in Stealth
  2020 | D        | Killed a cane toad
  2026 | D        | Slain by a cane toad
  2027 | D        | Reached XP level 9. HP: -2/51 MP: 10/10
  2143 | D        | Killed a cane toad
  2144 | D        | Reached XP level 10. HP: 38/55 MP: 11/11
  2153 | D        | Killed a cane toad
  2569 | D        | Reached skill level 23 in Dodging
  2573 | D        | Reached ****** piety under Wu Jian
  2584 | D        | Acquired a manual of Stealth
  2684 | D        | Noticed an orc knight
  2686 | D        | Killed an orc knight
  2687 | D        | Reached skill level 1 in Spellcasting
  2957 | D        | Noticed an orc knight
  2977 | D        | Killed an orc knight
  3351 | D        | Found Pomas's Antique Armour Emporium.
  3351 | D        | Noticed an orc knight
  3352 | D        | Noticed an orc knight
  3353 | D        | Found Keoryimu's Jewellery Shoppe.
  3354 | D        | Noticed an orc knight
  3355 | D        | Reached skill level 1 in Transmutations
  3355 | D        | Found Zosapt's Magic Scroll Emporium.
  3355 | D        | Killed an orc knight
  3356 | D        | Reached skill level 24 in Dodging
  3357 | D        | Reached XP level 11. HP: 60/60 MP: 14/17
  3357 | D        | Found Xoguc's Jewellery Shoppe.
  3358 | D        | Noticed an orc knight
  3358 | D        | Killed an orc knight
  3359 | D        | Noticed an orc knight
  3360 | D        | Noticed an orc knight
  3360 | D        | Killed an orc knight
  3370 | D        | Slain by an orc knight
  3371 | D        | Reached XP level 10. HP: -2/49 MP: 16/17
  3512 | D        | Killed an orc knight
  3513 | D        | Reached skill level 15 in Stealth
  3542 | D        | Killed an orc knight
  3898 | D        | Killed an orc knight
  4294 | D        | Reached skill level 5 in Spellcasting
  4345 | D        | Bought a +6 ring of strength for 360 gold pieces
  4345 | D        | Bought a ring of poison resistance for 200 gold pieces
  4355 | D        | Bought a +4 ring of evasion for 504 gold pieces
  4360 | D        | Bought an amulet of the acrobat for 420 gold pieces
  4384 | D        | Noticed Josephine
  4404 | D        | Killed Josephine
  4405 | D        | Reached skill level 5 in Transmutations
  4577 | D        | Noticed Erolcha
  4583 | D        | Killed Erolcha
  4584 | D        | Reached XP level 11. HP: 60/60 MP: 20/20
  4652 | D        | Noticed a tengu warrior
  4652 | D        | Noticed a centaur warrior
  4652 | D        | Noticed an eight-headed hydra
  4653 | D        | Noticed a wolf spider
  4660 | D        | Noticed a boulder beetle
  4668 | D        | Killed a tengu warrior
  4672 | D        | Noticed a glowing orange brain
  4677 | D        | Killed a centaur warrior
  4678 | D        | Reached skill level 25 in Dodging
  4684 | D        | Killed an eight-headed hydra
  4685 | D        | Noticed a deep troll shaman
  4685 | D        | Noticed a brown ugly thing
  4687 | D        | Noticed an ice dragon
  4701 | D        | Killed a wolf spider
  4738 | D        | Killed a boulder beetle
  4739 | D        | Reached skill level 15 in Unarmed Combat
  4747 | D        | Killed a glowing orange brain
  4750 | D        | Killed a deep troll shaman
  4774 | D        | Slain by a brown ugly thing
  4775 | D        | Reached XP level 10. HP: -3/57 MP: 22/22
  4961 | D        | Killed a brown ugly thing
  4989 | D        | HP: 2/57 [ice dragon (8)]
  4995 | D        | Slain by an ice dragon

Illustrated notes

Levels and vault maps discovered:
D:        linesprint [early_d, line_temple, items_1, d_10, items_2, lair_1,
          lair_end, items_3, orc_1, orc_end, items_4, d_15, swamp_1, shoals_1,
          snake_1, spider_1, d_20, vaults_1, items_5, swamp_end, shoals_end,
          snake_end, spider_end, vaults_end, d_27, items_6, zot_1, zot_end,
          crypt_end, forest_end, elf_end, slime_end, tomb_end, abyss_end,
          pan_hell_end]

Skill      XL: |  1  2  3  4  5  6  7  8  9 10 11 |
---------------+----------------------------------+-----
Dodging        | 6 8 10 12 13 15 18 20 24 25 | 25.4
Fighting       | 4 5 7 9 10 12 14 | 14.9
Stealth        | 2 4 6 17 19 | 19.6
Unarmed Combat | 5 6 7 8 9 10 12 14 15 | 15.1
Spellcasting   | 5 7 |  7.6
Transmutations | 6 8 |  8.4

Action                   |  1- 3 |  4- 6 |  7- 9 | 10-12 || total
-------------------------+-------+-------+-------+-------++-------
Melee: Unarmed           |    18 |    16 |    77 |   348 ||   459
       Bite              |     2 |     1 |     9 |    47 ||    59
       Punch             |       |       |     5 |    47 ||    52
Invok: Lunge             |       |     2 |     6 |    63 ||    71
       Serpent's Lash    |       |       |     1 |     6 ||     7
       Heavenly Storm    |       |       |       |     4 ||     4
       Whirlwind         |       |       |       |     1 ||     1
  Use: Potion            |     1 |     1 |    10 |    12 ||    24
       Scroll            |       |       |       |     2 ||     2
 Stab: Sleeping          |     1 |     1 |     2 |    24 ||    28
       Distracted        |       |     1 |       |       ||     1
       Invisible         |       |       |     5 |       ||     5
Armor: Skin              |     1 |     2 |     5 |     6 ||    14
Dodge: Dodged            |    13 |    14 |    74 |   318 ||   419
